 Crawl Stoat Soup version 0.23-ish-327-87-g3a41155e8f (console) character file.

2625 ceb the Reanimator (level 9, -6/51 HPs)
             Began as a Faerie Dragon Necromancer on Mar 30, 2024.
             Mangled by a killer bee (8 damage)
             ... on level 7 of the Dungeon.
             The game lasted 00:25:32 (6598 turns).

ceb the Reanimator (Faerie Dragon Necromancer)      Turns: 6598, Time: 00:25:33

Health: -6/51      AC:  7    Str:  6    XL:     9   Next: 60%
Magic:  15/18 (21) EV: 17    Int: 21    God:
Gold:   320        SH:  6    Dex: 10    Spells: 12/24 levels left

rFire    . . .     SeeInvis +   a - +2 mace (holy)
rCold    + . .     Gourm    .   (shield restricted)
rNeg     . . .     Faith    .   (armour unavailable)
rPois    .         Spirit   .   (helmet restricted)
rElec    .         Warding  .   (no cloak)
rCorr    .         Reflect  .   j - +0 pair of gloves
MR       .....     Harm     .   (no boots) Stlth ..........Clarity +
                                (no amulet)
HPRegen  1.57/turn              (no ring)
MPRegen  0.17/turn              (no ring)

@: lethally poisoned (-6 -> -12), flying, regenerating, 3 MP reserved for
charms, 0.11 MP regen used to sustain charms
A: small, sparkly, unfitting armour, antennae 1, see invisible, clarity, clumsy
2, cold resistance 1, regeneration 1, MP-powered wands, magic attunement,
magical scales, able to fly
a: Stop Flying, End Permanent Enchantments


You were on level 7 of the Dungeon.
You were not hungry.

You visited 2 branches of the dungeon, and saw 8 of its levels.
You also visited: Ossuary.

You collected 320 gold pieces.

Inventory:

Hand Weapons
 a - a +2 mace of holy wrath (weapon)
 b - a +0 trident
Armour
 j - a +0 pair of gloves (worn)
 C - a +0 pair of gloves
Jewellery
 m - an uncursed ring of ice {unknown}
 D - an uncursed ring of protection from cold {unknown}
 G - an uncursed ring of positive energy {unknown}
Wands
 u - a wand of iceblast (6 charges)
 x - a wand of polymorph (12 charges)
 y - a wand of charm monster (9 charges)
Scrolls
 d - 2 scrolls of blinking
 e - 4 scrolls of identify
 h - 7 scrolls of teleportation
 i - 4 scrolls of noise
 k - 7 scrolls of remove curse
 l - 4 scrolls of enchant weapon
 n - a scroll of fog
 o - a scroll of immolation
 z - 2 scrolls of fear {unknown}
Potions
 f - 2 potions of magic
 p - 4 potions of heal wounds {unknown}
 q - 2 potions of brilliance {unknown}
 r - 2 potions of cancellation {unknown}
 s - a potion of might {unknown}
 v - 2 potions of curing {unknown}
 w - 2 potions of lignification {unknown}
 A - a potion of degeneration {unknown}
 B - a potion of agility {unknown}
 E - 2 potions of invisibility {unknown}
 F - 2 potions of flight {unknown}
Comestibles
 c - 9 bread rations
 g - 3 meat rations
 t - 4 fruits


   Skills:
 + Level 8.4 Dodging
 - Level 1.2 Stealth
 + Level 8.4 Spellcasting
 + Level 10.1 Necromancy


You had 12 spell levels left.
You knew the following spells:

 Your Spells              Type           Power        Failure   Level  Hunger
a - Necrotise             Necr           25/25        1%          1    None
b - Animate Dead          Necr           N/A          1%          4    None
c - Vampiric Draining     Necr           51/200       1%          3    None
d - Regeneration          Chrm/Necr      30/200       10%         4    None

Your spell library contained the following spells:

 Spells                   Type           Power        Failure   Level  Hunger
 Confusing Touch          Hex            8/50         8%          1    None
 Confuse                  Hex            8/100        22%         3    None
 Gell's Gravitas          Tloc           8/200        22%         3    None
 Petrify                  Tmut/Erth      8/100        58%         4    None
 Metabolic Englaciation   Hex/Ice        8/200        91%         5    None
 Yara's Violent Unravell  Hex/Tmut       8/200        91%         5    None


Dungeon Overview and Level Annotations

Branches:
Dungeon (7/15)             Temple (1/1) D:4

Altars:
Ashenzari
Cheibriados
Dithmenos
Elyvilon
Fedhas
Hepliaklqana Ihp'ix
Makhleb
Okawaru
Qazlal
Ru
Sif Muna
Trog
Uskayaw
Vehumet
Wu Jian
Yredelemnul
Zin
The Shining One


Innate Abilities, Weirdness & Mutations

Your sparkly wings attract attention (Stealth-).
You are small and have problems with some larger weapons.
You cannot fit into any form of body armour.
Your spells do not cause hunger; their MP costs are reduced by 1.
Your shimmering scales repel attacks (AC +6, SH +6).
You can fly continuously.
You have a pair of small antennae on your head.
You have supernaturally acute eyesight. (SInv)
You possess an exceptional clarity of mind.
You are very clumsy. (Dex -4)
Your flesh is cold resistant. (rC+)
Your natural rate of healing is unusually fast.
You expend magic power (3 MP) to strengthen your wands.


Message History

Press: ? - help, Shift-Dir - straight line, f/p - killer bee
Aim: a killer bee (lightly wounded, chance to defeat MR: 89%)
The killer bee writhes in agony.
You feel sick. The killer bee stings you. x2
* * * LOW HITPOINT WARNING * * *
You are more poisoned.
The killer bee poisons you! The killer bee closely misses you.
You block the killer bee's attack.
Your orc zombie closely misses the killer bee.
The killer bee stings you.
* * * LOW HITPOINT WARNING * * *
You are more poisoned.
The killer bee poisons you! The killer bee stings you!
* * * LOW HITPOINT WARNING * * *
Casting: Necrotise (safe; 1% risk of failure)
Confirm with . or Enter, or press ? or * to list all spells.
You call on the dead to rise...
The dead are flying!
* * * LOW HITPOINT WARNING * * *
You feel very sick. The killer bee stings you!
You die...

....## #.ZZ...#
#....y###@y....#
##.....#yy##...#
##.......y## ##
#.......Z.##
##..........## ##
#............## .###
#............# ...#
#............##
...####.............##
....#..#.............#
......###............#
.....## #...........##
.....## ##..........#
......# ##.....#####
....Z.# #######
.....##


You could see 4 killer bees, 2 friendly killer bee zombies and a friendly orc
zombie.

Vanquished Creatures
  Sigmund (D:3)
  An orc warrior (D:7)
  3 sky beasts
  A black bear (D:6)
  5 ogres
  A phantom (D:7)
  An elf zombie (Ossuary)
  A bullfrog (D:6)
  2 killer bees (D:7)
  3 scorpions
  A howler monkey (D:6)
  4 centaur zombies
  2 goliath beetles
  A jelly (D:6)
  A centaur skeleton (D:6)
  2 bullfrog skeletons
  4 orc priests
  3 hounds
  Jessica (D:3)
  An iguana (D:6)
  5 orc wizards
  3 worker ants
  2 big kobold zombies (Ossuary)
  2 mummies (Ossuary)
  Robin (D:3)
  9 adders
  An ufetubus (D:6)
  4 oozes
  2 adder zombies (Ossuary)
  2 adder skeletons (D:4)
  2 worms
  2 dart slugs
  7 leopard geckos
  18 orcs
  5 bats
  3 giant cockroaches
  6 hobgoblins
  6 kobolds
  3 weasels
  5 frilled lizards
  19 goblins
  2 goblin zombies
  6 hobgoblin zombies (Ossuary)
  A jackal zombie (Ossuary)
  10 kobold zombies (Ossuary)
  A leopard gecko skeleton (D:4)
  10 orc zombies (Ossuary)
  10 rats
  A rat zombie (D:7)
187 creatures vanquished.

Vanquished Creatures (collateral kills)
  An orc wizard (D:7)
  A worker ant (D:6)
  A hound skeleton (D:6)
  A white imp (D:6)
  An adder skeleton (D:6)
  An orc (D:3)
  A goblin (D:3)
  A weasel skeleton (D:4)
8 creatures vanquished.

Grand Total: 195 creatures vanquished

Notes
Turn   | Place    | Note
-------+----------+-------------------------------------------
     0 | D:1      | ceb the Faerie Dragon Necromancer began the quest for the
                  | Orb.
     0 | D:1      | Reached XP level 1. HP: 11/11 MP: 3/3
    39 | D:1      | Reached skill level 5 in Necromancy
    39 | D:1      | Reached XP level 2. HP: 17/17 MP: 3/5
   646 | D:1      | Reached XP level 3. HP: 19/21 MP: 7/7
  1134 | D:2      | Found a glowing golden altar of the Shining One.
  1135 | D:2      | Found a glowing silver altar of Zin.
  1192 | D:2      | Reached XP level 4. HP: 27/27 MP: 9/9
  1534 | D:3      | Found a hazy altar of Hepliaklqana.
  1537 | D:3      | Noticed Robin
  1563 | D:3      | Killed Robin
  1672 | D:3      | Reached XP level 5. HP: 31/31 MP: 10/10
  1742 | D:3      | Noticed Jessica
  1744 | D:3      | Killed Jessica
  1758 | D:3      | Noticed Sigmund
  1760 | D:3      | Reached skill level 6 in Necromancy
  1769 | D:3      | Killed Sigmund
  1769 | D:3      | Reached XP level 6. HP: 26/36 MP: 12/12
  1866 | D:3      | Learned a level 4 spell: Animate Dead
  1870 | D:3      | Learned a level 3 spell: Vampiric Draining
  1875 | D:3      | Learned a level 4 spell: Regeneration
  2041 | D:3      | Noticed a sky beast
  2055 | D:3      | Killed a sky beast
  2132 | D:3      | Reached skill level 5 in Spellcasting
  2138 | D:3      | Reached XP level 7. HP: 41/41 MP: 11/14
  2285 | D:4      | Reached skill level 5 in Dodging
  2285 | D:4      | Reached skill level 7 in Necromancy
  3075 | D:4      | Found a staircase to the Ecumenical Temple.
  3190 | Temple   | Entered the Ecumenical Temple
  3437 | D:5      | Entered Level 5 of the Dungeon
  3452 | D:5      | Found a bloodstained altar of Trog.
  4121 | D:5      | Reached XP level 8. HP: 46/46 MP: 12/17
  4125 | D:5      | Gained mutation: You have a pair of small antennae on your
                  | head. [mutagenic meat]
  4126 | D:5      | Gained mutation: You possess an exceptional clarity of
                  | mind. [mutagenic meat]
  4127 | D:5      | Gained mutation: Your flesh is cold resistant. (rC+)
                  | [mutagenic meat]
  4128 | D:5      | Gained mutation: You expend magic power (3 MP) to
                  | strengthen your wands. [mutagenic meat]
  4129 | D:5      | Gained mutation: You have supernaturally acute eyesight.
                  | (SInv) [mutagenic meat]
  4220 | D:5      | Reached skill level 8 in Necromancy
  5014 | D:6      | Found a three-legged altar of Ihp'ix.
  5014 | D:6      | Found a stormy altar of Qazlal.
  5241 | D:6      | Reached skill level 9 in Necromancy
  5394 | D:7      | Reached XP level 9. HP: 51/51 MP: 17/20
  5463 | D:7      | Gained mutation: Your natural rate of healing is unusually
                  | fast. [mutagenic meat]
  5464 | D:7      | Gained mutation: You are clumsy. (Dex -2) [mutagenic meat]
  5465 | D:7      | Gained mutation: You are very clumsy. (Dex -4) [mutagenic
                  | meat]
  5702 | D:7      | Found a sand-covered staircase.
  5711 | Ossuary  | Entered an ossuary
  6347 | D:7      | Found a blossoming altar of Fedhas.
  6454 | D:7      | Noticed damerell's ghost (novice CeCK)
  6463 | D:7      | Witnessed revenge of damerell's ghost on an orc warrior.
  6463 | D:7      | Reached skill level 10 in Necromancy
  6598 | D:7      | HP: 2/51 [poisoned by a killer bee]
  6598 | D:7      | Mangled by a killer bee

Vault maps used:
D:1:      lightli_arrival_boilingwater
D:2:      grunt_temple_overflow_open, first_bread, minmay_tiny_reverse_x
D:3:      overflow_temple_1_default, uniq_sigmund, uniq_jessica, uniq_robin
D:4:      minmay_temple_entry_proselytizer
D:5:      trog_three_pillars_becter
D:6:      gammafunk_temple_overflow_wave, minivault_23
D:7:      nicolae_overflow_hidden_temple, kennysheep_mini_moat, enter_ossuary_4
Temple:   nicolae_temple_figure_eight
Ossuary:  ossuary_tomb_1

Skill      XL: |  1  2  3  4  5  6  7  8  9 |
---------------+----------------------------+-----
Necromancy     | 5 6 7 9 10 | 10.1
Spellcasting   | 3 4 5 6 7 8 |  8.4
Dodging        | 3 4 6 7 8 |  8.4
Stealth        | |  1.2

Action                   |  1- 3 |  4- 6 |  7- 9 || total
-------------------------+-------+-------+-------++-------
Melee: Short sword       |       |     4 |     7 ||    11
       Trident           |       |       |    60 ||    60
       Spear             |       |       |     5 ||     5
       Mace              |       |       |   155 ||   155
 Cast: Necrotise         |    56 |    83 |   237 ||   376
       * Regeneration    |       |     6 |    73 ||    79
       Vampiric Draining |       |       |    15 ||    15
       Animate Dead      |       |       |     5 ||     5
  Use: Scroll            |       |     6 |     2 ||     8
 Stab: Distracted        |       |       |     1 ||     1
  Eat: Chunk             |     1 |     2 |    21 ||    24
       Fruit             |       |       |     4 ||     4
Armor: Skin              |     1 |     8 |   106 ||   115
Dodge: Dodged            |    12 |    12 |   349 ||   373
Block: Other             |     5 |     7 |   141 ||   153
* Casting counts for permanent charms are approximate representations of how often the player would have had to cast a non-permanent spell for the same benefits.

Table legend:
 A = Spawn XP
 B = Non-spawn XP
 C = Spawn XP percentage of total XP
 D = Spawn monster count
 E = Non-spawn monster count
 F = Spawn count percentage of total count
 G = Total turns spent on level
                    A         B        C        D         E        F      G
               +---------+---------+-------+---------+---------+-------+---------
         Total |     821 |    2929 |  21.9 |      24 |     171 |  12.3 |  6598
               +---------+---------+-------+---------+---------+-------+---------
           D:1 |       3 |      44 |   6.4 |       1 |      23 |   4.2 |  1032
           D:2 |       1 |      74 |   1.3 |       1 |      17 |   5.6 |   492
           D:3 |      56 |     444 |  11.2 |       7 |      30 |  18.9 |   732
           D:4 |      39 |     431 |   8.3 |       1 |      16 |   5.9 |   969
           D:5 |     267 |     100 |  72.8 |       2 |       6 |  25.0 |  1052
           D:6 |     292 |     576 |  33.6 |       9 |      22 |  29.0 |   898
           D:7 |     163 |     907 |  15.2 |       3 |      19 |  13.6 |   837
       Ossuary |       0 |     353 |   0.0 |       0 |      38 |   0.0 |   374
               +---------+---------+-------+---------+---------+-------+---------
